MLB
HOUSTON ASTROS @ WASHINGTON NATIONALS
07/03/2020
 
TOP OF THE 1ST
Houston Astros batting - Pitching for Washington Nationals : LHP Nestor Cortes
Pitching: LHP Nestor Cortes
Batting: RHB Manuel Margot 0-0: Ground out 4-3 (Groundball, 4, EV 106.3 MPH)
Batting: RHB Dustin Pedroia 0-0: Called Strike
0-1: Ball
1-1: Ground out 5-3 (Groundball, 56, EV 106.3 MPH)
Batting: RHB Trey Mancini 0-0: Called Strike
0-1: Called Strike
0-2: Foul Ball, location: 2F
0-2: Strikes out swinging
Top of the 1st over - 0 runs, 0 hits, 0 errors, 0 left on base; Houston 0 - Washington 0
BOTTOM OF THE 1ST
Washington Nationals batting - Pitching for Houston Astros : RHP Gerrit Cole
Pitching: RHP Gerrit Cole
Batting: LHB Jackie Bradley Jr. 0-0: Ball
1-0: Ball
2-0: Called Strike
2-1: Ball
3-1: Fly out, F3 (Flyball, 3D, EV 96.3 MPH)
Batting: RHB Adeiny Hechavarria 0-0: SINGLE (Groundball, 6S, EV 68.1 MPH) (infield hit)
Batting: LHB Adam Eaton 0-0: Called Strike
Adeiny Hechavarria is caught stealing 2nd base 2-6
0-1: DOUBLE (Line Drive, 7LM, EV 98.8 MPH)
Batting: RHB Tyler White 0-0: Ball
1-0: Swinging Strike
1-1: Foul Ball, location: 2F
1-2: Ball
2-2: Foul Ball, location: 2F
2-2: Strikes out swinging
Bottom of the 1st over - 0 runs, 2 hits, 0 errors, 1 left on base; Houston 0 - Washington 0
TOP OF THE 2ND
Houston Astros batting - Pitching for Washington Nationals : LHP Nestor Cortes
Batting: LHB Dominic Smith 0-0: Called Strike
0-1: Ball
1-1: Called Strike
1-2: Strikes out swinging
Batting: LHB Tommy La Stella 0-0: Ball
1-0: Foul Ball, location: 2F
1-1: SOLO HOME RUN (Flyball, 9D, EV 95.0 MPH), Distance : 372 ft
Batting: LHB Tucker Barnhart 0-0: Called Strike
0-1: Ball
1-1: DOUBLE (Line Drive, 5D, EV 105.0 MPH)
Batting: SHB Billy Hamilton 0-0: Called Strike
0-1: Ball
1-1: Foul Ball, location: 2F
1-2: Strikes out looking
Batting: LHB Kyle Holder 0-0: Fly out, F6 (Popup, 6, EV 56.9 MPH)
Top of the 2nd over - 1 run, 2 hits, 0 errors, 1 left on base; Houston 1 - Washington 0
BOTTOM OF THE 2ND
Washington Nationals batting - Pitching for Houston Astros : RHP Gerrit Cole
Batting: RHB Evan Longoria 0-0: Ball
1-0: Called Strike
1-1: Swinging Strike
1-2: Foul Ball, location: 2F
1-2: Strikes out swinging
Batting: LHB Matt Beaty 0-0: Called Strike
0-1: Ball
1-1: Swinging Strike
1-2: Ball
2-2: Fly out, F8 (Line Drive, 8RD, EV 111.9 MPH)
Batting: RHB Francisco Cervelli 0-0: Ball
1-0: Ball
2-0: SINGLE (Groundball, 6MD, EV 95.6 MPH)
Batting: SHB Jed Lowrie 0-0: Called Strike
0-1: Fly out, F9 (Flyball, 9S, EV 76.9 MPH)
Bottom of the 2nd over - 0 runs, 1 hit, 0 errors, 1 left on base; Houston 1 - Washington 0
TOP OF THE 3RD
Houston Astros batting - Pitching for Washington Nationals : LHP Nestor Cortes
Batting: RHB Gerrit Cole 0-0: Ball
1-0: Swinging Strike
1-1: Ball
2-1: Swinging Strike
2-2: Ball
3-2: Strikes out swinging, 2-3 out at first.
Batting: RHB Manuel Margot 0-0: Called Strike
0-1: Swinging Strike
0-2: Ground out 4-3 (Groundball, 4, EV 107.5 MPH)
Batting: RHB Dustin Pedroia 0-0: Called Strike
0-1: Ball
1-1: Ball
2-1: Foul Ball, location: 2F
2-2: Foul Ball, location: 2F
2-2: Foul Ball, location: 2F
2-2: Ball
3-2: Foul Ball, location: 2F
3-2: Base on Balls
Batting: RHB Trey Mancini 0-0: Ball
1-0: Called Strike
1-1: Ball
2-1: Ball
3-1: Foul Ball, location: 2F
Balk!
Dustin Pedroia to second
3-2: Base on Balls
Batting: LHB Dominic Smith 0-0: Called Strike
0-1: Swinging Strike
0-2: Ball
1-2: Ball
2-2: Ball
3-2: Strikes out swinging
Top of the 3rd over - 0 runs, 0 hits, 0 errors, 2 left on base; Houston 1 - Washington 0
BOTTOM OF THE 3RD
Washington Nationals batting - Pitching for Houston Astros : RHP Gerrit Cole
Batting: RHB Nestor Cortes 0-0: Ball
1-0: Ball
2-0: Called Strike
2-1: Called Strike
2-2: Ground out 5-3 (Groundball, 56, EV 86.3 MPH)
Batting: LHB Jackie Bradley Jr. 0-0: Called Strike
0-1: Called Strike
0-2: Strikes out swinging
Batting: RHB Adeiny Hechavarria 0-0: Called Strike
0-1: Fly out, F8 (Flyball, 8RXD, EV 88.8 MPH)
Bottom of the 3rd over - 0 runs, 0 hits, 0 errors, 0 left on base; Houston 1 - Washington 0
TOP OF THE 4TH
Houston Astros batting - Pitching for Washington Nationals : LHP Nestor Cortes
Batting: LHB Tommy La Stella 0-0: Ball
1-0: Called Strike
1-1: Ball
2-1: Ball
3-1: Fly out, F8 (Flyball, 8RM, EV 90.0 MPH)
Batting: LHB Tucker Barnhart 0-0: Ball
1-0: Ball
2-0: Foul Ball, location: 2F
2-1: Foul Ball, location: 2F
2-2: DOUBLE (Groundball, 3L, EV 106.9 MPH)
Batting: SHB Billy Hamilton 0-0: Called Strike
0-1: TRIPLE (Groundball, 3D, EV 108.8 MPH)
Tucker Barnhart scores
Batting: LHB Kyle Holder 0-0: Ball
1-0: Ball
2-0: Ground out 5-3 (Groundball, 56D, EV 83.8 MPH)
Billy Hamilton scores
Batting: RHB Gerrit Cole 0-0: Swinging Strike
0-1: Ball
1-1: Foul Ball, location: 2F
1-2: Strikes out swinging
Top of the 4th over - 2 runs, 2 hits, 0 errors, 0 left on base; Houston 3 - Washington 0
BOTTOM OF THE 4TH
Washington Nationals batting - Pitching for Houston Astros : RHP Gerrit Cole
Batting: LHB Adam Eaton 0-0: Ball
1-0: Ball
2-0: Ground out 5-3 (Groundball, 5, EV 78.1 MPH)
Batting: RHB Tyler White 0-0: Foul Ball, location: 2F
0-1: Ball
1-1: Ball
2-1: Swinging Strike
2-2: Foul Ball, location: 2F
2-2: Foul Ball, location: 2F
2-2: SINGLE (Line Drive, 6MD, EV 103.1 MPH)
Batting: RHB Evan Longoria 0-0: Ball
1-0: Ball
2-0: Called Strike
2-1: Foul Ball, location: 2F
2-2: Foul Ball, location: 2F
2-2: Strikes out swinging
Batting: LHB Matt Beaty 0-0: Foul Ball, location: 2F
0-1: Fielders Choice at 2nd, 5-4 (Groundball, 56, EV 101.9 MPH)
Bottom of the 4th over - 0 runs, 1 hit, 0 errors, 1 left on base; Houston 3 - Washington 0
TOP OF THE 5TH
Houston Astros batting - Pitching for Washington Nationals : LHP Nestor Cortes
Batting: RHB Manuel Margot 0-0: Ball
1-0: Foul Ball, location: 2F
1-1: SINGLE (Groundball, 34S, EV 65.6 MPH) (infield hit)
Batting: RHB Dustin Pedroia 0-0: Called Strike
Manuel Margot steals 2nd base
0-1: Foul Ball, location: 2F
0-2: Ball
1-2: Foul Ball, location: 2F
1-2: Ground out 5-3 (Groundball, 56S, EV 86.9 MPH)
Batting: RHB Trey Mancini 0-0: Ball
1-0: Ball
2-0: Foul Ball, location: 2F
2-1: Ball
3-1: Ground out 1-3 (Groundball, 13S, EV 75.0 MPH)
Manuel Margot to third
Batting: LHB Dominic Smith 0-0: Called Strike
0-1: Foul Ball, location: 2F
0-2: Ground out U3 (Groundball, 3, EV 88.1 MPH)
Top of the 5th over - 0 runs, 1 hit, 0 errors, 1 left on base; Houston 3 - Washington 0
BOTTOM OF THE 5TH
Washington Nationals batting - Pitching for Houston Astros : RHP Gerrit Cole
Batting: RHB Francisco Cervelli 0-0: Called Strike
0-1: Ground out U3 (Groundball, 3S, EV 86.9 MPH)
Batting: SHB Jed Lowrie 0-0: SINGLE (Line Drive, 8LS, EV 91.9 MPH)
Pinch Hitting: RHB Chris Taylor 0-0: Ball
1-0: Ball
2-0: Called Strike
2-1: Ball
3-1: Base on Balls
Jed Lowrie to second
Batting: LHB Jackie Bradley Jr. 0-0: Called Strike
0-1: Ball
1-1: Grounds into double play, 4-6-3 (Groundball, 4, EV 105.0 MPH)
Bottom of the 5th over - 0 runs, 1 hit, 0 errors, 1 left on base; Houston 3 - Washington 0
TOP OF THE 6TH
Houston Astros batting - Pitching for Washington Nationals : LHP Nestor Cortes
Pitching: RHP Miguel Romero
Batting: LHB Tommy La Stella 0-0: Ball
1-0: Ball
2-0: Swinging Strike
2-1: Ball
3-1: Swinging Strike
3-2: Base on Balls
Batting: LHB Tucker Barnhart 0-0: Ball
1-0: Swinging Strike
1-1: Foul Ball, location: 2F
1-2: Grounds into double play, 4-6-3 (Groundball, 4, EV 85.6 MPH)
Batting: SHB Billy Hamilton 0-0: Swinging Strike
0-1: Ball
1-1: DOUBLE (Groundball, 3L, EV 102.5 MPH)
Batting: LHB Kyle Holder 0-0: Intentional Walk
Batting: RHB Gerrit Cole 0-0: Ball
1-0: Ball
2-0: Called Strike
2-1: Called Strike
2-2: Ball
3-2: Strikes out looking
Top of the 6th over - 0 runs, 1 hit, 0 errors, 2 left on base; Houston 3 - Washington 0
BOTTOM OF THE 6TH
Washington Nationals batting - Pitching for Houston Astros : RHP Gerrit Cole
Batting: RHB Adeiny Hechavarria 0-0: Ball
1-0: Ball
2-0: Foul Ball, location: 2F
2-1: SINGLE (Line Drive, 9S, EV 109.4 MPH)
Batting: LHB Adam Eaton 0-0: Fly out, F8 (Line Drive, 8LD, EV 88.1 MPH)
Batting: RHB Tyler White 0-0: Swinging Strike
0-1: Swinging Strike
0-2: Ball
1-2: Strikes out swinging
Batting: RHB Evan Longoria 0-0: Swinging Strike
0-1: Foul Ball, location: 2F
0-2: Strikes out swinging
Bottom of the 6th over - 0 runs, 1 hit, 0 errors, 1 left on base; Houston 3 - Washington 0
TOP OF THE 7TH
Houston Astros batting - Pitching for Washington Nationals : RHP Miguel Romero
Pitching: RHP Zack Burdi
Batting: RHB Manuel Margot 0-0: Ball
1-0: Ground out 5-3 (Groundball, 56S, EV 70.6 MPH)
Batting: RHB Dustin Pedroia 0-0: Foul Ball, location: 2F
0-1: Foul Ball, location: 2F
0-2: Ground out 4-3 (Groundball, 4, EV 101.3 MPH)
Batting: RHB Trey Mancini 0-0: Called Strike
0-1: Ball
1-1: Foul Ball, location: 2F
1-2: Strikes out swinging
Top of the 7th over - 0 runs, 0 hits, 0 errors, 0 left on base; Houston 3 - Washington 0
BOTTOM OF THE 7TH
Washington Nationals batting - Pitching for Houston Astros : RHP Gerrit Cole
Batting: LHB Matt Beaty 0-0: Ball
1-0: Called Strike
1-1: Ground out 5-3 (Groundball, 56, EV 81.9 MPH)
Batting: RHB Francisco Cervelli 0-0: Called Strike
0-1: Foul Ball, location: 2F
0-2: Strikes out swinging
Batting: SHB Jed Lowrie 0-0: Ball
1-0: Foul Ball, location: 2F
1-1: Foul Ball, location: 2F
1-2: Ball
2-2: Foul Ball, location: 2F
2-2: Ball
3-2: Strikes out swinging
Bottom of the 7th over - 0 runs, 0 hits, 0 errors, 0 left on base; Houston 3 - Washington 0
TOP OF THE 8TH
Houston Astros batting - Pitching for Washington Nationals : RHP Zack Burdi
Batting: LHB Dominic Smith 0-0: Foul Ball, location: 2F
0-1: Ball
1-1: Called Strike
1-2: Strikes out swinging
Batting: LHB Tommy La Stella 0-0: Foul Ball, location: 2F
0-1: Swinging Strike
0-2: Foul Ball, location: 2F
0-2: Ball
1-2: Ground out 6-3 (Groundball, 6M, EV 103.8 MPH)
Batting: LHB Tucker Barnhart 0-0: Foul Ball, location: 2F
0-1: Foul Ball, location: 2F
0-2: Ball
1-2: Strikes out swinging
Top of the 8th over - 0 runs, 0 hits, 0 errors, 0 left on base; Houston 3 - Washington 0
BOTTOM OF THE 8TH
Washington Nationals batting - Pitching for Houston Astros : RHP Gerrit Cole
Pinch Hitting: LHB Andrew Benintendi 0-0: Ball
1-0: Called Strike
1-1: Ball
2-1: Ground out 6-3 (Groundball, P, EV 84.4 MPH)
Pitching: RHP Brandon Brennan
Batting: LHB Jackie Bradley Jr. 0-0: Ball
1-0: DOUBLE (Flyball, 8RXD, EV 106.3 MPH)
Batting: RHB Adeiny Hechavarria 0-0: Foul Ball, location: 2F
0-1: Ball
1-1: Called Strike
1-2: Strikes out looking
Batting: LHB Adam Eaton 0-0: Foul Ball, location: 2F
0-1: Swinging Strike
0-2: Strikes out swinging
Bottom of the 8th over - 0 runs, 1 hit, 0 errors, 1 left on base; Houston 3 - Washington 0
TOP OF THE 9TH
Houston Astros batting - Pitching for Washington Nationals : RHP Zack Burdi
Pitching: LHP Adam Morgan
Batting: SHB Billy Hamilton 0-0: Called Strike
0-1: Ball
1-1: DOUBLE (Line Drive, 78D, EV 101.3 MPH)
Batting: LHB Kyle Holder 0-0: SINGLE (Line Drive, 56, EV 96.9 MPH)
Billy Hamilton to third
Pinch Hitting: RHB Matt Kemp 0-0: DOUBLE (Line Drive, 89XD, EV 103.8 MPH)
Billy Hamilton scores
Kyle Holder to third
Batting: RHB Manuel Margot 0-0: Foul Ball, location: 2F
0-1: Ball
1-1: Ball
2-1: Swinging Strike
2-2: Ball
3-2: Strikes out swinging
Batting: RHB Dustin Pedroia 0-0: Fly out, F8 (Flyball, 78D, EV 98.8 MPH)
Runner from 3rd tags up, SCORES, throw by CF
Matt Kemp to third
Batting: RHB Trey Mancini 0-0: Ball
1-0: Ball
2-0: Called Strike
2-1: Ball
3-1: Base on Balls
Batting: LHB Dominic Smith 0-0: SINGLE (Groundball, 4MD, EV 98.1 MPH)
Matt Kemp scores
Trey Mancini to second
Runner from 2nd tries for 3rd, SAFE, no throw by CF
Batting: LHB Tommy La Stella 0-0: SINGLE (Groundball, 34D, EV 95.6 MPH)
Trey Mancini scores
Dominic Smith to second
Runner from 2nd tries for 3rd, SAFE, throw by RF made to third
Pitching: RHP Jeremy Jeffress
Batting: LHB Tucker Barnhart 0-0: Ball
1-0: Ball
2-0: Ball
3-0: Called Strike
3-1: Base on Balls
Tommy La Stella to second
Batting: SHB Billy Hamilton 0-0: TRIPLE (Flyball, 9LD, EV 106.9 MPH)
Dominic Smith scores
Tommy La Stella scores
Tucker Barnhart scores
Batting: LHB Kyle Holder 0-0: Called Strike
0-1: Ball
1-1: SINGLE (Groundball, 6MD, EV 95.6 MPH)
Billy Hamilton scores
Batting: RHB Matt Kemp 0-0: Ball
1-0: Ball
2-0: Ball
3-0: Base on Balls
Kyle Holder to second
Batting: RHB Manuel Margot 0-0: Ball
1-0: Called Strike
1-1: Reached on error, E5 (Groundball, 56, EV 96.3 MPH)
Kyle Holder scores
Matt Kemp to third
Batting: RHB Dustin Pedroia 0-0: Ball
1-0: Swinging Strike
1-1: Fly out, F3 (Popup, 23F, EV 88.8 MPH)
Top of the 9th over - 9 runs, 7 hits, 1 error, 2 left on base; Houston 12 - Washington 0
BOTTOM OF THE 9TH
Washington Nationals batting - Pitching for Houston Astros : RHP Brandon Brennan
Pitching: RHP Paul Sewald
Batting: RHB Tyler White 0-0: Called Strike
0-1: Swinging Strike
0-2: Strikes out swinging
Batting: RHB Evan Longoria 0-0: Ball
1-0: Fly out, F8 (Flyball, 8LS, EV 92.5 MPH)
Batting: LHB Matt Beaty 0-0: Called Strike
0-1: Ball
1-1: Ball
2-1: Foul Ball, location: 2F
2-2: Foul Ball, location: 2F
2-2: SINGLE (Groundball, 4MD, EV 95.0 MPH)
Batting: RHB Francisco Cervelli 0-0: Called Strike
0-1: Foul Ball, location: 2F
0-2: Ball
1-2: Foul Ball, location: 2F
1-2: Foul Ball, location: 2F
1-2: Fielders Choice at 2nd, 6-4 (Groundball, 6, EV 81.3 MPH)
Bottom of the 9th over - 0 runs, 1 hit, 0 errors, 1 left on base; Houston 12 - Washington 0
Monday, August 31st, 2020 - OOTP Baseball 21.5 Build 76